 Dungeon Crawl Stone Soup version 0.27.0-1-g7a089689b8 (webtiles) character file.

Game seed: 10457008687273064003

1829 robertstho the Thaumaturge (level 9, -5/58 HPs)
             Began as a Djinni Fire Elementalist on Aug 5, 2021.
             Slain by a wraith (11 damage)
             ... on level 6 of the Dungeon.
             The game lasted 00:10:57 (8090 turns).

robertstho the Thaumaturge (DjFE)                   Turns: 8090, Time: 00:10:58

Health: -5/58      AC:  6    Str:  7    XL:     9   Next: 32%
Gold:   180        EV: 13    Int: 19    God:
                   SH:  4    Dex: 15

rFire    + + +     SeeInvis .   c - staff of fire
rCold    x . .     Faith    .   k - +0 buckler
rNeg     + . .     Spirit   .   G - +0 steam dragon scales
rPois    ∞         Reflect  .   n - +0 helmet
rElec    .         Harm     .   (no cloak)
rCorr    .         Rampage  .   (no gloves)
Will     .....                  (boots unavailable)
Stlth    +++.......             (no amulet)
HPRegen  0.19/turn              l - ring of positive energy
MPRegen  0.00/turn              D - ring of wizardry

@: brilliant, flying, slowed, very slow
A: sickness immunity, fire resistance 2, cold vulnerability 1, float, innate
caster, hp casting, extra vitality 1
a: no special abilities


You were on level 6 of the Dungeon.
You visited 1 branch of the dungeon, and saw 6 of its levels.
You also visited: Sewer.

You collected 180 gold pieces.

Inventory:

Hand Weapons
 b - a +0 short sword
 p - a +1 short sword of venom
 q - a +1 short sword of protection
Armour
 a - a +0 robe of resistance
 k - a +0 buckler (worn)
 n - a +0 helmet (worn)
 G - +0 steam dragon scales (worn)
Magical Staves
 c - a staff of fire (weapon)
Jewellery
 l - a ring of positive energy (left hand)
 D - a ring of wizardry (right hand)
Wands
 A - a wand of iceblast (10)
Scrolls
 g - 2 scrolls of teleportation {unknown}
 j - a scroll of immolation
 s - a scroll of enchant weapon {unknown}
 u - a scroll of enchant armour {unknown}
 w - a scroll of fog {unknown}
 y - a scroll of vulnerability
 E - a scroll of brand weapon {unknown}
 F - 3 scrolls of fear
Potions
 d - 3 potions of haste
 e - 3 potions of resistance
 f - 3 potions of brilliance
 h - 3 potions of flight {unknown}
 i - a potion of attraction {unknown}
 m - 6 potions of curing {unknown}
 o - a potion of lignification {unknown}
 r - 4 potions of heal wounds {unknown}
 t - 3 potions of mutation {unknown}
 v - 2 potions of cancellation {unknown}
 x - 2 potions of might {unknown}
 z - a potion of invisibility
 B - a potion of degeneration {unknown}


   Skills:
 + Level 1.6 Fighting
 + Level 4.1 Dodging
 + Level 3.9 Stealth
 + Level 1.2 Shields
 + Level 8.0 Spellcasting


You couldn't memorise any spells.
You knew the following spells:

 Your Spells              Type           Power      Damage    Failure   Level
a - Foxfire               Conj/Fire      100%       2x1d9     1%          1
b - Conjure Flame         Conj/Fire      72%        6-21      1%          3
c - Inner Flame           Hex/Fire       72%        N/A       1%          3
d - Sticky Flame          Conj/Fire      72%        2d9       1%          4
e - Fireball              Conj/Fire      36%        3d15      5%          5
f - Animate Skeleton      Necr           100%       N/A       1%          1
g - Searing Ray           Conj           100%       3d7       1%          2
h - Spider Form           Tmut/Pois      27%        N/A       1%          3
i - Portal Projectile     Hex/Tloc       100%       N/A       1%          3
Your spell library was empty.

Dungeon Overview and Level Annotations

Branches:
Dungeon (6/15)              Sewer (visited)
 Temple: D:4-7

Altars:
Elyvilon
Okawaru
Uskayaw


Innate Abilities, Weirdness & Mutations

You are immune to sickness and miasma.
You are immune to poison.
Your flesh is very heat resistant. (rF++)
You are vulnerable to cold. (rC-)
You float through the air rather than walking.
You learn spells naturally, not from books.
Your magical power is your life essence.
You have superior vitality. (+4 HP)


Message History

The searing ray hits the wraith but does no damage.
The wraith is heavily damaged.
The wraith hits you. The wraith drains your vigour!
You feel yourself slow down.
Your magical contamination has completely faded away.
The searing ray hits the wraith.
The wraith is severely damaged.
You finish channeling your searing ray.
The wraith hits you but does no damage. The wraith hits you!
Casting: Searing Ray (safe; 1% risk of failure)
Confirm with . or Enter, or press ? or * to list all spells.
Aiming: Searing Ray (safe; 1% risk of failure)
Press: ? - help, Shift-Dir - straight line, f/p - wraith
Aim: a wraith (severely damaged, 81% to hit)
The searing ray misses the wraith. (Press . to maintain the ray.)
The wraith hits you!
* * * LOW HITPOINT WARNING * * *
The wraith drains your vigour!
You feel as though you will be slow longer.
The searing ray hits the wraith.
The wraith is severely damaged.
* * * LOW HITPOINT WARNING * * *
The wraith hits you.
* * * LOW HITPOINT WARNING * * *
The wraith closely misses you.
The searing ray hits the wraith but does no damage.
The wraith is severely damaged.
* * * LOW HITPOINT WARNING * * *
You block the wraith's attack.
The searing ray hits the wraith.
The wraith is almost destroyed.
* * * LOW HITPOINT WARNING * * *
You finish channeling your searing ray.
The wraith misses you. The wraith hits you.
* * * LOW HITPOINT WARNING * * *
It was a potion of brilliance.
You feel clever all of a sudden. The wraith hits you!
You die...

#..'..<...#
##+##......#
#.....######
#.....#...#
#.....'...+
#.....#####
###'###..##
#.........
#.@W......
##########


You could see a wraith.

Vanquished Creatures
  Grinder (D:4)
  Sigmund (D:3)
  A steam dragon (D:6)
  2 necrophages (D:5)
  An ogre (D:6)
  6 kobold brigands (Sewer)
  3 hounds
  A gnoll shaman (D:5)
  A centaur skeleton (D:4)
  Natasha (thrice) (D:4)
  3 orc wizards
  A killer bee zombie (D:5)
  A hound skeleton (D:5)
  Robin (D:4)
  7 gnolls
  11 adders
  6 river rats (Sewer)
  A worm (D:3)
  4 dart slugs
  8 orcs
  11 ball pythons
  3 bats
  8 endoplasms
  5 giant cockroaches
  12 goblins
  8 hobgoblins
  18 jackals
  18 kobolds
  4 quokkas
  3 frilled lizards
  23 rats
176 creatures vanquished.

Vanquished Creatures (others)
  865 foxfires
865 creatures vanquished.

Grand Total: 1041 creatures vanquished

Notes
Turn   | Place    | Note
-------+----------+-------------------------------------------
     0 | D:1      | robertstho the Djinni Fire Elementalist began the quest for
                  | the Orb.
     0 | D:1      | Reached XP level 1. HP: 15/15 MP: 0/0
   149 | D:1      | Found a faded altar of an unknown god.
   155 | D:1      | Reached XP level 2. HP: 17/21 MP: 0/0
   525 | D:1      | Reached skill level 3 in Spellcasting
   525 | D:1      | Reached XP level 3. HP: 22/25 MP: 0/0
   525 | D:1      | Learned a level 1 spell: Animate Skeleton
  1283 | D:2      | Reached XP level 4. HP: 24/31 MP: 0/0
  2262 | D:3      | Reached XP level 5. HP: 32/35 MP: 0/0
  2262 | D:3      | Learned a level 2 spell: Searing Ray
  2276 | D:3      | Noticed Sigmund
  2283 | D:3      | Killed Sigmund
  2284 | D:3      | Reached skill level 4 in Spellcasting
  2284 | D:3      | Reached XP level 6. HP: 27/40 MP: 0/0
  3143 | D:3      | Found a white marble altar of Elyvilon.
  3239 | D:3      | Found an iron altar of Okawaru.
  3340 | D:3      | Reached skill level 5 in Spellcasting
  3788 | D:4      | Noticed Grinder
  3796 | D:4      | Killed Grinder
  3797 | D:4      | Reached XP level 7. HP: 32/45 MP: 0/0
  3797 | D:4      | Learned a level 3 spell: Spider Form
  3983 | D:4      | Found a glowing drain.
  3996 | Sewer    | Entered a sewer
  4272 | Sewer    | Reached skill level 6 in Spellcasting
  4515 | Sewer    | Reached XP level 8. HP: 46/51 MP: 0/0
  4567 | Sewer    | Reached skill level 1 in Fighting
  5675 | D:4      | Noticed Robin
  5679 | D:4      | Killed Robin
  5888 | D:4      | Noticed Natasha
  5891 | D:4      | Killed Natasha
  6001 | D:4      | Identified the +8 war axe "Hell-Harrower" {vorpal, rF++
                  | Dex+4}
  6109 | D:4      | Identified the +0 ring mail of Ucvat {Dex+3}
  6206 | D:4      | Noticed Natasha
  6220 | D:4      | Killed Natasha
  6338 | D:4      | Noticed Natasha
  6346 | D:4      | Killed Natasha
  6402 | D:5      | Entered Level 5 of the Dungeon
  6676 | D:5      | Reached skill level 7 in Spellcasting
  6746 | D:5      | Found a hide-covered altar of Uskayaw.
  6836 | D:5      | Reached XP level 9. HP: 47/57 MP: 0/0
  6836 | D:5      | Learned a level 3 spell: Portal Projectile
  7151 | D:5      | Reached skill level 1 in Shields
  7884 | D:6      | Reached skill level 8 in Spellcasting
  8090 | D:6      | Slain by a wraith

Illustrated notes

Levels and vault maps discovered:
D:1:      dpeg_arrival_tiny_a, layout_rooms, ebering_ecumenical_altar_hall
D:2:      layout_loops_ring
D:3:      layout_basic, mainiacjoe_overflow_two_lobes, minmay_curled_crystal,
          uniq_sigmund
D:4:      layout_loops_ring, portal_sewer_entry_f, uniq_natasha, uniq_robin,
          uniq_grinder
D:5:      layout_basic, old_standard_altar
D:6:      layout_gridville, small_statue_intersection,
          hellmonk_bongcloud_opening, chequers_serial_rivers_micro_c,
          minmay_misc_feat_rows

Skill      XL: |  1  2  3  4  5  6  7  8  9 |
---------------+----------------------------+-----
Spellcasting   | 3 4 5 6 7 8 |  8.0
Stealth        | 2 3 |  3.9
Dodging        | 3 4 |  4.1
Fighting       | 1 |  1.6
Shields        | 1 |  1.2

Action                   |  1- 3 |  4- 6 |  7- 9 || total
-------------------------+-------+-------+-------++-------
Melee: Staff             |       |     3 |     2 ||     5
 Cast: Foxfire           |    70 |   151 |   308 ||   529
       Sticky Flame      |       |       |     5 ||     5
       Searing Ray       |       |       |     2 ||     2
  Use: Scroll            |       |     3 |     3 ||     6
       Potion            |       |       |     1 ||     1
Armor: Robe              |     1 |     2 |     9 ||    12
       Steam dragon scal |       |       |     1 ||     1
Dodge: Dodged            |     1 |    15 |    37 ||    53
Block: Buckler           |       |     4 |    17 ||    21
